 Seeded DCSS version 0.30-a0-918-g0ff054e9dc (webtiles) character file.

Game seed: 13555036537017109050 (custom seed)

96 Juicyj the Chopper (level 4, 0/35 HPs)
             Began as a Formicid Gladiator on Mar 20, 2023.
             Slain by a gnoll
             ... wielding a +0 whip
              (4 damage)
             ... on level 2 of the Dungeon.
             The game lasted 00:03:35 (1083 turns).

Juicyj the Chopper (Formicid Gladiator)             Turns: 1083, Time: 00:03:36

Health: 0/35       AC:  7    Str: 20    XL:     4   Next: 98%
Magic:  4/4        EV: 13    Int:  8    God:
Gold:   919        SH:  0    Dex: 15    Spells: 3/3 levels left

rFire   . . .      SeeInvis +    a - +0 war axe
rCold   . . .      Faith    .    (no shield)
rNeg    . . .      Spirit   .    b - +0 leather armour
rPois   .          Reflect  .    (helmet unavailable)
rElec   .          Rampage  .    (no cloak)
rCorr   .                        e - +3 pair of gauntlets of War {Slay+5}
Will    .....                    (no boots)
Stlth   +                        (no amulet)
HPRegen 0.25/turn                (no ring)
MPRegen 0.09/turn                (no ring)

@: no status effects
A: permanent stasis, dig shafts and tunnels, antennae 3, four strong arms
a: Dig, Shaft Self


You were on level 2 of the Dungeon.
You visited 1 branch of the dungeon, and saw 2 of its levels.

You collected 919 gold pieces.

Inventory:

Hand Weapons
 a - a +0 war axe (weapon)
Missiles
 c - 3 throwing nets (quivered)
 d - a javelin
Armour
 b - a +0 leather armour (worn)
 e - the +3 pair of gauntlets of War (worn) {Slay+5}
   (You acquired it on level 1 of the Dungeon)

   Slay:      It affects your accuracy & damage with ranged weapons and melee
   (+5).
Jewellery
 h - an amulet of the acrobat
Scrolls
 g - a scroll of identify {unknown}
 i - a scroll of teleportation {unknown}
 o - a scroll of immolation {unknown}
 q - a scroll of blinking {unknown}
Potions
 f - a potion of curing {unknown}
 j - 2 potions of haste {unknown}
 k - a potion of heal wounds {unknown}
 l - a potion of might {unknown}
 m - a potion of flight {unknown}
 n - a potion of attraction {unknown}
 p - a potion of mutation {unknown}


   Skills:
 + Level 3.1 Fighting
 + Level 3.6 Axes
 + Level 2.9 Throwing
 + Level 3.3 Dodging


You had 3 spell levels left.
You didn't know any spells.
Your spell library was empty.

Dungeon Overview and Level Annotations

Branches:
Dungeon (2/15)

Altars:


Innate Abilities, Weirdness & Mutations

You cannot be hasted, slowed, berserked, paralysed or teleported.
You can dig through walls and to a lower floor.
You have a pair of large antennae on your head. (SInv)
Your four strong arms can wield two-handed weapons with a shield.


Message History

The gnoll moves out of view.
Natasha, Servant of Life and Death comes into view.
She is carrying a wand of flame (17).
There are monsters nearby!
Found a scroll labelled RONOETA RAROE.
Natasha hisses angrily.
You hear a shout! x2
There are monsters nearby!
The gnoll shouts!
Natasha mumbles some strange words.
You feel disoriented.
A gnoll comes into view. It is wielding a +0 whip.
The gnoll misses you.
The gnoll throws a throwing net.
The throwing net hits you.
You become entangled in the net!
You see here a throwing net.
You tear a large gash into the net.
The gnoll hits you from afar with a +0 spear.
Natasha zaps a wand.
The puff of flame hits you!
You struggle against the net.
Natasha claws you!
You rip the net and break free!
Natasha claws you.
You slash Natasha!
Natasha is almost dead.
Natasha barely misses you.
You slice Natasha!!
You kill Natasha!
Natasha yowls pathetically as she dies!
You hit the gnoll. The gnoll barely misses you. The gnoll closely misses you.
The gnoll hits you with a +0 club!
* * * LOW HITPOINT WARNING * * *
You barely miss the gnoll.
The gnoll is moderately wounded.
The gnoll misses you.
The gnoll hits you from afar with a +0 spear.
* * * LOW HITPOINT WARNING * * *
The gnoll closely misses you. The gnoll barely misses you.
Are you sure you want to shaft yourself?
The gnoll barely misses you. The gnoll closely misses you. x2
The gnoll barely misses you.
You begin to dig a shaft.
You continue digging a shaft.
The gnoll hits you with a +0 whip.
You die...

...#...#...#...#.. #....^.
.#..(#...#...#...#...#..# ##.....
...#...#...#...#..?#.... # #.#.#.
.#...#...#)..#...#...#. .........
...#...#...#...#...#.. .####.#...
.#...#...#...#...#...#...........
...#...#...#...#.g.#....#..#.#..#
.#...#...#...#..g#...#.......#...
#..#...#...#...#@g.#.g# .....#
###..#...#...#...#g.# #.#... #
##...#.(.#...#....# ...... #
#......#...#...##...... ###..# #
#.#####..#..##.# ...... ......
###.#####...####.# .##### # #.##
..........### #.. .# #########.#
###### # #.#


You could see 4 gnolls.

Vanquished Creatures
  Natasha (twice) (D:2)
  An adder (D:2)
  A worm (D:2)
  2 dart slugs
  An orc (D:2)
  4 endoplasms
  A giant cockroach (D:1)
  2 goblins (D:1)
  2 hobgoblins (D:1)
  2 quokkas (D:2)
  2 bats
  2 frilled lizards
  3 kobolds
  5 rats
30 creatures vanquished.

Notes
Turn   | Place    | Note
-------+----------+-------------------------------------------
     0 | D:1      | Juicyj the Formicid Gladiator began the quest for the Orb.
     0 | D:1      | Reached XP level 1. HP: 16/16 MP: 1/1
    71 | D:1      | Identified a scroll of acquirement
    71 | D:1      | Acquired the +3 pair of gauntlets of War {Slay+5}
    71 | D:1      | Found the +3 pair of gauntlets of War {Slay+5}
   275 | D:1      | Reached XP level 2. HP: 23/23 MP: 2/2
   767 | D:2      | Noticed Natasha
   774 | D:2      | Killed Natasha
   775 | D:2      | Reached XP level 3. HP: 20/28 MP: 3/3
   826 | D:2      | Reached XP level 4. HP: 34/34 MP: 4/4
   976 | D:2      | Acquired 771 gold pieces
  1071 | D:2      | Noticed Natasha
  1079 | D:2      | Killed Natasha
  1083 | D:2      | Slain by a gnoll

Illustrated notes

Levels and vault maps discovered:
D:1:      dpeg_arrival_water_fire, layout_basic
D:2:      layout_basic, hex_large, reono_crystal_passage, st_stairs_2,
          minmay_tromino_v7, uniq_natasha

Skill      XL: |  1  2  3  4 |
---------------+-------------+-----
Dodging        | 3 |  3.3
Fighting       | 3 |  3.1
Axes           | |  3.6
Throwing       | |  2.9

Action                     |  1- 3 |  4- 6 || total
---------------------------+-------+-------++-------
  Melee: War axe           |    34 |    19 ||    53
Ability: Shaft Self        |       |     1 ||     1
    Use: Scroll            |     1 |     1 ||     2
 Armour: Leather armour    |    12 |     4 ||    16
  Dodge: Dodged            |    20 |    18 ||    38

Table legend: (Time is in decaauts)
 A = Elapsed time spent in this place.
 B = Non-inter-level travel time spent in this place.
 C = Inter-level travel time spent in this place.
 D = Time resting spent in this place.
 E = Time spent auto-exploring this place.
 F = Levels seen in this place.
 G = Mean time per level.
                   A        B        C        D        E       F      G
               +--------+--------+--------+--------+--------+-----+--------+
         Total |   1100 |   1033 |     67 |      0 |    818 |   2 |  550.0 |
       Dungeon |   1100 |   1033 |     67 |      0 |    818 |   2 |  550.0 |
               +--------+--------+--------+--------+--------+-----+--------+

Top non-repeatable levels by time:
     D:1: 672 daAuts
     D:2: 427 daAuts
